 Dungeon Crawl Stone Soup version 0.29.1-12-g30fa7ad0bf (webtiles) character file.

Game seed: 14299857411753408811

7763 wormed the Severer (level 11, -1/89 HPs)
             Began as a Minotaur Berserker on Dec 25, 2022.
             Was an Elder of Trog.
             Slain by a vampire mosquito (9 damage)
             ... on level 9 of the Dungeon.
             The game lasted 00:15:43 (10499 turns).

wormed the Severer (Minotaur Berserker)            Turns: 10499, Time: 00:15:45

Health: -1/89      AC: 12    Str: 27    XL:     11   Next: 1%
Magic:  10/10      EV: 10    Int:  4    God:    Trog [****..]
Gold:   525        SH:  0    Dex:  9    Spells: 10/10 levels left

rFire   . . .      SeeInvis .   y - +4 battleaxe (freeze)
rCold   . . .      Faith    .   (shield currently unavailable)
rNeg    . . .      Spirit   .   K - +2 chain mail {Will+}
rPois   +          Reflect  .   j - +0 hat
rElec   .          Harm     .   (no cloak)
rCorr   .          Rampage  .   (no gloves)
Will    ++++.                   (no boots)
Stlth   ..........              (no amulet)
HPRegen 1.24/turn               l - ring of willpower
MPRegen 0.12/turn               B - ring of poison resistance

@: strong-willed, on berserk cooldown, regenerating, slowed, very slow
A: horns 2, retaliatory headbutt
a: Renounce Religion, Berserk, Trog's Hand, Brothers in Arms


You were on level 9 of the Dungeon.
You worshipped Trog.
Trog was greatly pleased with you.
You visited 1 branch of the dungeon, and saw 9 of its levels.

You collected 525 gold pieces.

Inventory:

Hand Weapons
 q - a +0 war axe
 y - a +4 battleaxe of freezing (weapon)
Missiles
 i - 21 poisoned darts (quivered)
 n - 5 javelins
 s - 6 curare-tipped darts
Armour
 j - a +0 hat (worn)
 K - a +2 chain mail of willpower (worn)
Jewellery
 l - a ring of willpower (left hand)
 B - a ring of poison resistance (right hand)
Wands
 a - a wand of flame (51)
 m - a wand of digging (13)
 D - a wand of light (11)
 E - a wand of polymorph (10)
 F - a wand of paralysis (13)
 H - a wand of mindburst (7)
Scrolls
 b - 2 scrolls of summoning {unknown}
 g - 3 scrolls of magic mapping
 h - 2 scrolls of blinking
 k - 2 scrolls of noise {unknown}
 o - a scroll of enchant armour {unknown}
 p - a scroll of amnesia {unknown}
 r - 2 scrolls of immolation {unknown}
 t - a scroll of vulnerability {unknown}
 u - 2 scrolls of poison {unknown}
 A - a scroll of identify
 I - a scroll of teleportation {unknown}
Potions
 c - a potion of magic
 d - 8 potions of curing
 e - 3 potions of brilliance
 f - a potion of haste
 v - 2 potions of degeneration
 w - a potion of mutation
 x - 3 potions of might {unknown}
 z - a potion of lignification {unknown}
 C - a potion of invisibility {unknown}
 G - a potion of heal wounds {unknown}
 J - a potion of experience {unknown}


   Skills:
 - Level 6.0 Fighting
 * Level 16.8 Axes
 - Level 6.0 Armour
 - Level 6.0 Dodging
 - Level 6.0 Shields


You had 10 spell levels left.
You didn't know any spells.
Your spell library was empty.

Dungeon Overview and Level Annotations

Branches:
Dungeon (9/15)             Temple (0/1) D:6            Lair (0/5) D:9
    Orc: D:9-12

Altars:
Okawaru
Trog
Uskayaw
Xom


Innate Abilities, Weirdness & Mutations

You have a pair of horns on your head.
You reflexively headbutt those who attack you in melee.


Message History

The wraith barely misses you.
You barely miss the wraith. You headbutt the wraith.
The wraith is lightly damaged.
The wraith closely misses you.
You hit the wraith. You freeze the wraith.
The wraith is moderately damaged.
The wraith hits you.
* * * LOW HITPOINT WARNING * * *
The wraith drains your vigour!
You feel as though you will be slow longer.
You barely miss the wraith.
The wraith is moderately damaged.
The wraith hits you.
* * * LOW HITPOINT WARNING * * *
The wraith drains your vigour!
You feel as though you will be slow longer.
The wraith hits you but does no damage.
You slash the wraith! You freeze the wraith. You headbutt the wraith.
The wraith is almost destroyed.
The wraith hits you but does no damage.
You hit the wraith but do no damage. Your headbutt misses the wraith.
The wraith is almost destroyed.
The wraith hits you!
* * * LOW HITPOINT WARNING * * *
Blink to where?
Press: ? - help, Dir - move target
Okay, then.
You slice the wraith!! You freeze the wraith.
You destroy the wraith!
Trog accepts your kill.
The vampire mosquito barely misses you. x2
You have reached level 11!
You hit the vampire mosquito. You freeze the vampire mosquito.
You headbutt the vampire mosquito!
The vampire mosquito is heavily damaged.
The vampire mosquito bites you!
* * * LOW HITPOINT WARNING * * *
The vampire mosquito draws strength from your injuries!
The vampire mosquito bites you!
You die...

♣♣♣♣♣♣♣.♣ #♣
♣......♣ #.♣
♣.~...# ♣.♣
♣.....# ♣.♣
♣.....#.#
♣.♣#♣......(.
#♣♣♣♣.♣♣.#
#.....y)♣#
#♣♣♣♣@♣♣)#
♣♣.♣#♣)†......
♣♣.♣♣
♣.....#.#
#♣)♣♣ ♣.....#
#.♣♣ ♣.~...#
#♣.♣♣ ♣......♣
♣♣.♣ ♣♣♣♣♣♣♣.♣
♣.♣ .# ♣♣.♣♣


You could see a vampire mosquito.

Vanquished Creatures
  A dancing weapon (D:8)
  The ghost of firemarshallily the Summoner, a novice MfSu of Sif Muna (D:8)
  Pikel (D:7)
  Joseph (D:7)
  Maggie (D:7)
  A kobold demonologist (D:9)
  A meliai (D:9)
  A hornet (D:8)
  A shadow (D:9)
  A wyvern (D:8)
  2 wraiths (D:9)
  A steam dragon (D:9)
  2 acid dragons (D:9)
  2 water moccasins (D:9)
  Duvessa (D:6)
  2 orc warriors
  An ice beast (D:7)
  3 black bears
  A sky beast (D:7)
  3 centaurs
  2 ogres (D:6)
  4 phantoms
  A lemure (D:7)
  2 kobold brigands
  A gnoll sergeant (D:9)
  2 bullfrogs
  4 scorpions
  7 wights
  Dowan (D:6)
  4 killer bees
  3 howler monkeys
  5 hounds
  9 orc priests
  A gnoll bouda (D:7)
  5 iguanas
  Jessica (D:2)
  7 orc wizards
  Robin (D:4)
  7 gnolls
  11 adders
  2 white imps
  2 ufetubi (D:5)
  4 worms
  4 dart slugs
  23 orcs
  6 ball pythons
  A bat (D:1)
  2 endoplasms
  4 giant cockroaches
  12 goblins
  10 hobgoblins
  9 jackals
  12 kobolds
  2 quokkas (D:1)
  4 frilled lizards
  6 rats
209 creatures vanquished.

Vanquished Creatures (others)
  40 plants (D:9)
40 creatures vanquished.

Grand Total: 249 creatures vanquished

Notes
Turn   | Place    | Note
-------+----------+-------------------------------------------
     0 | D:1      | wormed the Minotaur Berserker began the quest for the Orb.
     0 | D:1      | Reached XP level 1. HP: 19/19 MP: 0/0
    99 | D:1      | Reached XP level 2. HP: 27/27 MP: 1/1
   319 | D:1      | Reached skill level 4 in Axes
   410 | D:1      | Reached skill level 1 in Shields
   828 | D:2      | Reached XP level 3. HP: 28/33 MP: 2/2
  1098 | D:2      | Reached ** piety under Trog
  1321 | D:2      | Noticed Jessica
  1329 | D:2      | Killed Jessica
  1330 | D:2      | Reached XP level 4. HP: 40/40 MP: 3/3
  2138 | D:3      | Reached skill level 5 in Axes
  2138 | D:3      | Reached XP level 5. HP: 42/47 MP: 4/4
  3562 | D:4      | Noticed Robin
  3572 | D:4      | Killed Robin
  3643 | D:4      | Noticed a centaur
  3647 | D:4      | Reached XP level 6. HP: 53/53 MP: 5/5
  3658 | D:4      | Reached skill level 6 in Axes
  3791 | D:4      | Reached skill level 5 in Fighting
  3839 | D:4      | Reached XP level 7. HP: 61/61 MP: 6/6
  4247 | D:5      | Entered Level 5 of the Dungeon
  4252 | D:5      | Reached *** piety under Trog
  4793 | D:5      | Reached skill level 7 in Axes
  4793 | D:5      | Reached skill level 5 in Armour
  4906 | D:5      | Reached XP level 8. HP: 62/70 MP: 7/7
  5511 | D:6      | Found an iron altar of Okawaru.
  5521 | D:6      | Reached skill level 8 in Axes
  5569 | D:6      | Reached skill level 5 in Dodging
  5651 | D:6      | Reached skill level 5 in Shields
  5918 | D:6      | Found a bloodstained altar of Trog.
  6056 | D:6      | Noticed Duvessa
  6056 | D:6      | Noticed Dowan
  6064 | D:6      | Killed Duvessa
  6065 | D:6      | Reached skill level 9 in Axes
  6067 | D:6      | Killed Dowan
  6383 | D:6      | Reached **** piety under Trog
  6573 | D:6      | Found a staircase to the Ecumenical Temple.
  6778 | D:7      | Reached XP level 9. HP: 75/75 MP: 8/8
  6839 | D:7      | Reached skill level 10 in Axes
  7004 | D:7      | Noticed Joseph
  7051 | D:7      | Killed Joseph
  7052 | D:7      | Reached skill level 11 in Axes
  7197 | D:7      | Noticed Maggie
  7207 | D:7      | Killed Maggie
  7382 | D:7      | Noticed Pikel
  7397 | D:7      | Killed Pikel
  7398 | D:7      | Reached skill level 12 in Axes
  7567 | D:7      | Reached skill level 13 in Axes
  8001 | D:7      | Reached XP level 10. HP: 83/83 MP: 9/9
  8771 | D:8      | Found a hide-covered altar of Uskayaw.
  8782 | D:8      | Found a runed translucent door.
  8782 | D:8      | Found a shimmering altar of Xom.
  8782 | D:8      | Noticed a +3 short sword of chaos
  8782 | D:8      | Noticed firemarshallily's ghost (novice MfSu)
  9660 | D:8      | Killed a +3 short sword of chaos
  9661 | D:8      | Reached skill level 14 in Axes
  9668 | D:8      | Killed firemarshallily's ghost
  9669 | D:8      | Reached skill level 15 in Axes
  9878 | D:9      | Found a staircase to the Lair.
 10463 | D:9      | Identified the ring of Foumiole {Fire rPois Dex+5 Slay-2
                  | Stlth+}
 10472 | D:9      | Reached skill level 16 in Axes
 10477 | D:9      | Noticed an orange demon
 10489 | D:9      | Noticed a centaur warrior
 10499 | D:9      | Reached XP level 11. HP: 15/89 MP: 10/10
 10499 | D:9      | Slain by a vampire mosquito

Illustrated notes

Levels and vault maps discovered:
D:1:      elethiomel_arrival_shortcut, layout_loops_ring
D:2:      layout_loops_ring, uniq_jessica
D:3:      layout_loops_corners
D:4:      layout_loops_ring, chequers_arboretum, uniq_robin
D:5:      layout_gridville, small_statue_intersection
D:6:      dreamdust_elfheim, layout_loops_cross, lemuel_doored_altar,
          lightli_temple_of_fire, lemuel_temple_firewalk_a,
          cheibrodos_sewer_entry_bend, minmay_misc_feat_five
D:7:      layout_loops_cross, uniq_duvessa, uniq_pikel, uniq_maggie, uniq_joseph
D:8:      layout_basic, nicolae_uskayaw_dance_hall, ebering_ghost_xom,
          skrybe_limestone_x
D:9:      nzn_winding_woodlands_large [nzn_winding_woodlands_5x5_three,
          nzn_winding_woodlands_5x15_cabin, nzn_winding_woodlands_5x5_perimeter,
          nzn_winding_woodlands_center_lodge,
          nzn_winding_woodlands_15x15_five_gardens,
          nzn_winding_woodlands_center_triple_pond,
          nzn_winding_woodlands_5x5_open_star,
          nzn_winding_woodlands_5x15_sawtooth,
          nzn_winding_woodlands_5x5_checkerboard], layout_cave_pools,
          dpeg_oklobed_lair, serial_column_ruins, column_ruins_grid_1,
          column_ruins_columns_straight, column_ruins_corridor_straight,
          column_ruins_open_small, grunt_ogre_cave

Skill      XL: |  1  2  3  4  5  6  7  8  9 10 |
---------------+-------------------------------+-----
Axes           | 4 5 6 7 9 13 16 | 16.8
Shields        | 1 2 3 4 5 6 |  6.0
Fighting       | 4 5 6 |  6.0
Armour         | 3 4 5 6 |  6.0
Dodging        | 3 4 5 6 |  6.0

Action                   |  1- 3 |  4- 6 |  7- 9 | 10-12 || total
-------------------------+-------+-------+-------+-------++-------
Melee: Hand axe          |    66 |    85 |       |       ||   151
       Headbutt          |    10 |    18 |    48 |    11 ||    87
       War axe           |       |    42 |   116 |       ||   158
       Punch             |       |       |     2 |       ||     2
       Battleaxe         |       |       |    92 |    99 ||   191
Throw: Dart              |       |       |     6 |       ||     6
Invok: Berserk           |     1 |     3 |     2 |     4 ||    10
       Trog's Hand       |       |     1 |       |     1 ||     2
  Use: Scroll            |       |       |     6 |     2 ||     8
Armor: Animal skin       |    11 |       |       |       ||    11
       Ring mail         |    10 |    10 |       |       ||    20
       Plate armour      |       |    51 |   121 |    11 ||   183
       Chain mail        |       |       |       |    33 ||    33
Dodge: Dodged            |    48 |    60 |    93 |    48 ||   249
